 Dungeon Crawl Stone Soup version 0.31-a0-202-g547052bce9 (webtiles) character file.

Game seed: 5129029461654474048

50 qw the Shooter (level 3, -4/20 HPs)
             Began as a Deep Elf Hunter on June 26, 2023.
             Slain by a hell rat (15 damage)
             ... in a sewer.
             The game lasted 00:00:19 (794 turns).

qw the Shooter (Deep Elf Hunter)                     Turns: 794, Time: 00:00:20

Health: -4/20      AC:  4    Str: 10    XL:     3   Next: 55%
Magic:  5/5        EV: 12    Int: 13    God:
Gold:   51         SH:  0    Dex: 21    Spells: 2/2 levels left

rFire   . . .        Y - +0 shortbow
rCold   . . .        (shield currently unavailable)
rNeg    . . .        c - +0 leather armour
rPois   .            (no helmet)
rElec   .            (no cloak)
rCorr   .            h - +0 pair of gloves {Dex+3}
SInv    +            (no boots)
Will    .....        (no amulet)
Stlth   ++           i - ring of see invisible
HPRegen 0.23/turn    (no ring)
MPRegen 0.09/turn

%: no passive effects
@: no status effects
A: no striking features
a: no special abilities


You were in a sewer.
You visited 1 branch of the dungeon, and saw 3 of its levels.
You also visited: Sewer.

You collected 51 gold pieces.


   Skills:
 - Level 1.5 Fighting
 - Level 7.0 Ranged Weapons
 + Level 2.4 Dodging
 - Level 1.2 Stealth


You had 2 spell levels left.
You didn't know any spells.
Your spell library was empty.

Inventory:

Hand Weapons
 Y - a +0 shortbow (weapon)
Armour
 c - a +0 leather armour (worn)
 h - a +0 pair of gloves of dexterity (worn)
Jewellery
 i - a ring of see invisible (left hand)
Scrolls
 a - a scroll of identify
Potions
 f - a potion of resistance

Dungeon Overview and Level Annotations

Branches:
Dungeon (3/15)              Sewer (1/1)

Altars:


Message History

Moving in this stuff is going to be slow.
Your resistance to elements expires.
You enter the shallow water.
Moving in this stuff is going to be slow.
You enter the shallow water.
Moving in this stuff is going to be slow.
A rat comes into view.
776 ||| Stepping ~*~*~tactically~*~*~ (water).
You shoot an arrow. The arrow closely misses the rat.
You shoot an arrow. The arrow closely misses the rat.
You shoot an arrow. The arrow barely misses the rat.
You shoot an arrow. The arrow hits the rat.
You kill the rat!
A rat comes into view.
You shoot an arrow. The arrow hits the rat.
The rat is moderately wounded.
You shoot an arrow. The arrow closely misses the rat.
You shoot an arrow. The arrow hits the rat.
You kill the rat!
You enter the shallow water.
Moving in this stuff is going to be slow.
You open the door.
A hell rat comes into view.
Found three items.
Found a gate leading back out of this place.
You shoot an arrow. The arrow hits the hell rat.
The hell rat is lightly wounded.
You enter the shallow water.
Moving in this stuff is going to be slow.
Found a scroll of identify, a red potion and a scroll labelled COATIUTTOBB.
793 ||| Stepping ~*~*~tactically~*~*~ (water).
The hell rat attacks as you move away! The hell rat bites you!
Ouch! That really hurt!
A river rat comes into view.
You shoot an arrow.
The arrow hits the hell rat but does no damage.
The hell rat is lightly wounded.
The hell rat bites you!
Ouch! That really hurt!
You die...

#~.~~~.~#
##..~~.~~##
#~..###%.~#
##~.## ##..##
#.~.# ~.#~~.#
#~~##~.?##..#
#~.#~~~?!#..#
#~~'~~~?\#\\#
#@r#~~~?|#.~#
#..##~.?##~~#
#.~~#~..#..~#
##~~# .##~~##
#~~~ #.~.
##..r ~..#
~~..~~~ ##~~~


You could see a hell rat and a river rat.

Vanquished Creatures
  An adder (D:3)
  A river rat (Sewer)
  A worm (D:3)
  A bat (D:1)
  2 endoplasms
  6 goblins
  3 hobgoblins (D:1)
  A quokka (D:1)
  5 ball pythons
  A frilled lizard (D:1)
  3 kobolds
  5 rats
30 creatures vanquished.

Notes
Turn   | Place    | Note
-------+----------+-------------------------------------------
     0 | D:1      | qw the Deep Elf Hunter began the quest for the Orb.
     0 | D:1      | Reached XP level 1. HP: 12/12 MP: 3/3
     0 | D:1      | 0 ||| qw: Version: 0.3-a-22-g0ed2b0b
     0 | D:1      | 0 ||| qw: Game counter: 5929
     0 | D:1      | 0 ||| qw: Melee chars always use a shield: true
     0 | D:1      | 0 ||| qw: God list: Okawaru
     0 | D:1      | 0 ||| qw: Allow faded altars: false
     0 | D:1      | 0 ||| qw: Do Orc after clearing Dungeon:15 true
     0 | D:1      | 0 ||| qw: Do second Lair branch before Depths: true
     0 | D:1      | 0 ||| qw: Lair rune preference: random
     0 | D:1      | 0 ||| qw: Goals: Normal
     0 | D:1      | 0 ||| PLANNING D:1-11
   148 | D:1      | Reached XP level 2. HP: 16/16 MP: 4/4
   151 | D:1      | Reached skill level 6 in Ranged Weapons
   587 | D:1      | 587 ||| UPGRADING to +0 pair of gloves of dexterity.
   592 | D:1      | 592 ||| UPGRADING to ring of see invisible.
   593 | D:1      | 593 ||| READING 2 scrolls labelled RYAFUOVIFA.
   594 | D:1      | 594 ||| READING scroll labelled CEIDDU QUMOB.
   599 | D:1      | 599 ||| READING scroll labelled BUPOLEG FAIJI.
   600 | D:1      | 600 ||| DROPPING scroll of butterflies.
   665 | D:2      | You fall into a shaft and drop 1 floor!
   666 | D:3      | 666 ||| PLANNING SEWER
   707 | D:3      | Found a glowing drain.
   709 | D:3      | 709 ||| DRINKING 2 smoky white potions.
   716 | D:3      | Reached XP level 3. HP: 20/20 MP: 5/5
   732 | Sewer    | Entered a sewer
   740 | Sewer    | 740 ||| Stepping ~*~*~tactically~*~*~ (water).
   742 | Sewer    | 742 ||| Stepping ~*~*~tactically~*~*~ (water).
   747 | Sewer    | Reached skill level 7 in Ranged Weapons
   776 | Sewer    | 776 ||| Stepping ~*~*~tactically~*~*~ (water).
   793 | Sewer    | 793 ||| Stepping ~*~*~tactically~*~*~ (water).
   794 | Sewer    | Slain by a hell rat

Levels and vault maps discovered:
D:1:      minmay_arrival_cross, layout_basic, minmay_misc_feat_secret_circle
D:2:      layout_rooms, shapermc_ecumenical_altar_pompeii, uniq_jessica
D:3:      minmay_diamond_boxcup, layout_loops_cross, portal_sewer_entry_a
Sewer:    sewer_hellmonk_bad_rat

Skill      XL: |  1  2  3 |
---------------+----------+-----
Ranged Weapons | 6 7 |  7.0
Fighting       | |  1.5
Dodging        | |  2.4
Stealth        | |  1.2

Action                     || total
---------------------------++-------
   Fire: Shortbow          ||    66
    Use: Scroll            ||     3
         Potion            ||     1
 Armour: Leather armour    ||     1
  Dodge: Dodged            ||     4

Table legend:
 A = Non-vault XP
 B = Vault XP
 C = Vault XP percentage of total XP
 D = Non-vault monster count
 E = Vault monster count
 F = Vault count percentage of total count
                 A         B        C        D         E       F
            +---------+---------+-------+---------+---------+-------
      Total |      36 |      36 |  50.0 |      22 |       8 |  26.7
            +---------+---------+-------+---------+---------+-------
        D:1 |      26 |       0 |   0.0 |      16 |       0 |   0.0
        D:2 |       8 |       0 |   0.0 |       5 |       0 |   0.0
        D:3 |       2 |      21 |  91.3 |       1 |       5 |  83.3
      Sewer |       0 |      15 | 100.0 |       0 |       3 | 100.0
            +---------+---------+-------+---------+---------+-------
